 Dungeon Crawl Stone Soup version 0.29-a0-477-g62b78b4225 (webtiles) character file.

Game seed: 12738502584187566808

7798 greasedhog the Cleaver (level 11, -6/97 HPs)
             Began as a Hill Orc Berserker on May 25, 2022.
             Was a High Priest of Trog.
             Mangled by a boulder beetle (39 damage)
             ... on level 9 of the Dungeon.
             The game lasted 00:15:31 (10663 turns).

greasedhog the Cleaver (Hill Orc Berserker)        Turns: 10663, Time: 00:15:32

Health: -6/97      AC: 16    Str: 25    XL:     11   Next: 20%
Magic:  0/11       EV:  9    Int:  7    God:    Trog [*****.]
Gold:   334        SH:  0    Dex: 16    Spells: 10/10 levels left

rFire   . . .      SeeInvis .   a - +2 hand axe (elec)
rCold   . . .      Faith    .   (no shield)
rNeg    . . .      Spirit   +   z - +0 plate armour
rPois   +          Reflect  .   l - +0 helmet
rElec   .          Harm     .   K - scarf {shadows}
rCorr   .          Rampage  .   w - +0 pair of gloves
Will    .....                   (no boots)
Stlth   ..........              P - amulet of guardian spirit
HPRegen 0.26/turn               G - +6 ring of dexterity
MPRegen 0.12/turn               m - ring of poison resistance

@: on berserk cooldown, slowed, very slow
A: no striking features
a: Renounce Religion, Berserk, Trog's Hand, Brothers in Arms


You were on level 9 of the Dungeon.
You worshipped Trog.
Trog was extremely pleased with you.
You visited 2 branches of the dungeon, and saw 10 of its levels.

You collected 516 gold pieces.
You spent 182 gold pieces at shops.

Inventory:

Hand Weapons
 a - a +2 hand axe of electrocution (weapon)
 o - a +0 spear
 x - a +0 war axe
 D - a +4 hand crossbow of flaming
 L - the +9 flail of Joblaiv {protect, MP+9 Stlth+}
   (You found it on level 8 of the Dungeon)

   It grants its wielder temporary protection when it strikes (+7 to AC).
   MP:        It affects your magic capacity (+9).
   Stlth:     It makes you more stealthy.
Missiles
 I - 2 boomerangs (quivered)
 M - 4 javelins
Armour
 e - a +0 chain mail
 l - a +0 helmet (worn)
 w - a +0 pair of gloves (worn)
 z - a +0 plate armour (worn)
 K - a scarf of shadows (worn)
Jewellery
 h - a ring of resist corrosion
 m - a ring of poison resistance (right hand)
 F - an amulet of magic regeneration
 G - a +6 ring of dexterity (left hand)
 H - a +4 ring of protection
 P - an amulet of guardian spirit (around neck)
Wands
 r - a wand of iceblast (13)
 A - a wand of acid (6)
 B - a wand of polymorph (13)
 J - a wand of mindburst (9)
 N - a wand of flame (12)
Scrolls
 g - a scroll of silence
 i - a scroll of blinking
 j - 3 scrolls of poison
 p - 2 scrolls of fog {unknown}
 q - a scroll of immolation {unknown}
 s - 4 scrolls of teleportation {unknown}
 y - 2 scrolls of noise {unknown}
 C - a scroll of vulnerability {unknown}
 E - a scroll of enchant weapon {unknown}
 O - a scroll of fear {unknown}
 Q - a scroll of amnesia {unknown}
Potions
 b - a potion of invisibility
 c - 5 potions of curing {unknown}
 d - 4 potions of lignification {unknown}
 f - a potion of cancellation {unknown}
 k - 3 potions of magic {unknown}
 n - 3 potions of flight {unknown}
 t - a potion of attraction {unknown}
 u - a potion of haste
 v - 2 potions of mutation {unknown}


   Skills:
 * Level 9.0 Fighting
 - Level 14.5 Axes
 - Level 1.2 Throwing
 * Level 8.9 Armour
 - Level 5.0 Dodging
 - Level 5.0 Evocations


You had 10 spell levels left.
You didn't know any spells.
Your spell library was empty.

Dungeon Overview and Level Annotations

Branches:
Dungeon (9/15)             Temple (1/1) D:4
   Lair: D:8-11         Orc: D:9-12

Altars:
Ashenzari
Cheibriados
Dithmenos
Elyvilon
Gozag
Hepliaklqana
Makhleb
Nemelex Xobeh
Okawaru
Qazlal
Ru
Sif Muna
Trog
Uskayaw
Vehumet
Wu Jian

Shops:
D:4 (   D:6 (   D:7 :


Message History

The boulder beetle barely misses you.
The boulder beetle bites you but does no damage.
Aiming: Corrosive Bolt
Press: ? - help, Shift-Dir - straight line, f/p - boulder beetle
Aim: a boulder beetle (heavily wounded, 100% to hit)
The bolt of acid hits the boulder beetle but does no damage.
The boulder beetle is heavily wounded.
The boulder beetle bites you but does no damage.
Aiming: Corrosive Bolt
Press: ? - help, Shift-Dir - straight line, f/p - boulder beetle
Aim: a boulder beetle (heavily wounded, 100% to hit)
The bolt of acid hits the boulder beetle but does no damage.
The boulder beetle is heavily wounded.
The boulder beetle bites you. The boulder beetle closely misses you.
Aiming: Mindburst
Press: ? - help, Shift-Dir - straight line, f/p - boulder beetle
Aim: a boulder beetle (heavily wounded, chance to affect: 67%)
The boulder beetle struggles to resist.
The boulder beetle bites you but does no damage.
Aiming: Mindburst
Press: ? - help, Shift-Dir - straight line, f/p - boulder beetle
Aim: a boulder beetle (heavily wounded, chance to affect: 67%)
The boulder beetle's mind is blasted!!
The boulder beetle bites you but does no damage. x2
Aiming: Polymorph
Press: ? - help, Shift-Dir - straight line, f/p - boulder beetle
Aim: a boulder beetle (severely wounded, will become a radroach, a faun, or an ettin, chance to affect: 44%)
The boulder beetle resists with some effort.
The boulder beetle leaps!
Aiming: Mindburst
Press: ? - help, Shift-Dir - straight line, f/p - boulder beetle
Aim: a boulder beetle (severely wounded, chance to affect: 67%)
The boulder beetle struggles to resist.
The boulder beetle curls into a ball and begins rolling!
Aiming: Mindburst
Press: ? - help, Shift-Dir - straight line, f/p - boulder beetle
Aim: a boulder beetle (severely wounded, rolling, chance to affect: 67%)
The boulder beetle struggles to resist.
The boulder beetle hits you!!!
You die...

#. #).).# #. ##?##>#
#.# ###..# .# #.#
#.)[##.#
#####.####.#....#
.........)<÷....#
#####.##.#).....#
####.#..#)####<#
.##..B@.....#......
.°°°○...)..)........
#######.....#..#####
.....#)#.#..###
.###.#.#.#.##
+?#.'...#.#
.###.#.#...#
P...P#.#.#.# ####
#.#.# ..


You could see a boulder beetle (rolling).

Vanquished Creatures
  A two-headed ogre (D:9)
  A centaur warrior (D:9)
  The ghost of Taurus the Cleaver, a novice MiFi of the Shining One (D:7)
  10 yaks
  3 wyverns
  2 steam dragons
  Edmund (D:6)
  A water moccasin (D:7)
  2 orc warriors
  A sky beast (D:7)
  3 ice beasts
  5 black bears
  An ogre (D:5)
  8 centaurs
  A phantom (D:6)
  A kobold brigand (D:7)
  2 necrophages
  3 bullfrogs
  A gnoll sergeant (D:9)
  2 scorpions (D:5)
  5 killer bees (D:9)
  5 electric eels (D:8)
  A howler monkey (D:9)
  3 jellies
  4 quasits (D:7)
  4 hounds
  5 orc priests
  2 iguanas
  Jessica (D:3)
  4 orc wizards
  A centaur simulacrum (D:9)
  7 gnolls
  7 adders
  2 white imps
  An ufetubus (D:4)
  A worm (D:2)
  A dart slug (D:1)
  29 orcs
  5 endoplasms
  7 giant cockroaches
  11 goblins
  11 hobgoblins
  11 jackals
  2 quokkas (D:2)
  5 ball pythons
  12 bats
  3 frilled lizards
  15 kobolds
  8 rats
223 creatures vanquished.

Vanquished Creatures (others)
  30 plants
30 creatures vanquished.

Grand Total: 253 creatures vanquished

Notes
Turn   | Place    | Note
-------+----------+-------------------------------------------
     0 | D:1      | greasedhog the Hill Orc Berserker began the quest for the
                  | Orb.
     0 | D:1      | Reached XP level 1. HP: 19/19 MP: 1/1
   340 | D:1      | Reached XP level 2. HP: 11/26 MP: 2/2
   763 | D:1      | Reached skill level 5 in Axes
  1038 | D:1      | Reached XP level 3. HP: 31/31 MP: 3/3
  1047 | D:1      | Found a faded altar of an unknown god.
  1395 | D:2      | Reached ** piety under Trog
  1803 | D:2      | Reached XP level 4. HP: 39/39 MP: 4/4
  1988 | D:2      | Reached skill level 6 in Axes
  2406 | D:3      | Found a radiant altar of Vehumet.
  2423 | D:3      | Reached XP level 5. HP: 36/45 MP: 5/5
  2431 | D:3      | Found a hide-covered altar of Uskayaw.
  2581 | D:3      | Noticed Jessica
  2600 | D:3      | Killed Jessica
  2600 | D:3      | Reached *** piety under Trog
  2601 | D:3      | Reached skill level 7 in Axes
  2635 | D:3      | Found a stormy altar of Qazlal.
  2639 | D:3      | Found a burning altar of Makhleb.
  3199 | D:4      | Found a staircase to the Ecumenical Temple.
  3209 | Temple   | Entered the Ecumenical Temple
  3580 | D:4      | Reached XP level 6. HP: 28/51 MP: 6/6
  3737 | D:4      | Reached skill level 8 in Axes
  3807 | D:4      | Found Fekhoq's Antique Weapon Boutique.
  4378 | D:5      | Entered Level 5 of the Dungeon
  4435 | D:5      | Noticed a black bear
  4452 | D:5      | Killed a black bear
  4522 | D:5      | Reached skill level 9 in Axes
  4792 | D:5      | Reached XP level 7. HP: 57/57 MP: 7/7
  4795 | D:5      | Reached skill level 1 in Evocations
  5048 | D:5      | Reached skill level 10 in Axes
  5365 | D:5      | Noticed a steam dragon
  5370 | D:5      | Reached skill level 11 in Axes
  5370 | D:5      | Reached XP level 8. HP: 64/64 MP: 8/8
  5469 | D:5      | Found a shimmering blue altar of Sif Muna.
  5962 | D:6      | Reached skill level 12 in Axes
  6086 | D:6      | Found a snail-covered altar of Cheibriados.
  6339 | D:6      | Found Mauman's Antique Weapon Boutique.
  6352 | D:6      | Bought a glowing hand crossbow for 182 gold pieces
  6456 | D:6      | Reached skill level 13 in Axes
  6581 | D:6      | Reached XP level 9. HP: 70/70 MP: 9/9
  6906 | D:6      | Noticed Edmund
  6913 | D:6      | Killed Edmund
  7125 | D:6      | Reached skill level 14 in Axes
  7324 | D:7      | Found a transporter.
  7335 | D:7      | Noticed Taurus's ghost (novice MiFi)
  7510 | D:7      | Reached **** piety under Trog
  7638 | D:7      | Found a transporter.
  7680 | D:7      | Killed Taurus's ghost
  7818 | D:7      | Reached skill level 5 in Dodging
  7818 | D:7      | Reached skill level 5 in Evocations
  7926 | D:7      | Found Pougaeqi's Self-Improvement Boutique.
  8057 | D:7      | Found a hazy altar of Hepliaklqana.
  8275 | D:7      | Reached XP level 10. HP: 76/80 MP: 10/10
  8633 | D:8      | Identified the +9 flail of Joblaiv {protect, MP+9 Stlth+}
  8955 | D:8      | Reached skill level 5 in Fighting
  9660 | D:8      | Reached skill level 5 in Armour
  9687 | D:8      | Reached skill level 1 in Throwing
 10276 | D:9      | Reached ***** piety under Trog
 10289 | D:9      | Reached XP level 11. HP: 28/94 MP: 4/11
 10313 | D:9      | Noticed a two-headed ogre
 10389 | D:9      | Killed a two-headed ogre
 10440 | D:9      | Noticed a centaur warrior
 10478 | D:9      | Noticed a centaur warrior
 10490 | D:9      | Killed a centaur warrior
 10625 | D:9      | Noticed a boulder beetle
 10663 | D:9      | Mangled by a boulder beetle

Illustrated notes

Levels and vault maps discovered:
D:1:      lemuel_arrival_rhombus, layout_loops_cross,
          hellmonk_ecumenical_altar_inner_sanctum, minmay_misc_feat_x,
          hangedman_abyss_or_decor_stabs, minmay_3d_cube
D:2:      layout_loops_ring, grunt_ministairs_11,
          minmay_randomly_rotated_circles
D:3:      layout_basic, mainiacjoe_overflow_24_doors,
          mainiacjoe_overflow_tiny_flanked, grunt_temple_overflow_open,
          minmay_misc_feat_hallway, uniq_jessica
D:4:      layout_gridville, temple_fountains, serial_shops, shop
D:5:      layout_basic, nicolae_sif_muna_little_library
D:6:      layout_layer_cave, general_overflow_altar, serial_shops,
          nicolae_shop_hallway_plus, minivault_25, uniq_edmund
D:7:      layout_cave_pods, nicolae_hepliaklqana_hazy_memory,
          gammafunk_ghost_stat_death, nicolae_shop_self_help
D:8:      layout_basic, serial_bayou_lagoon_b
D:9:      layout_rooms, fedhas_bush_and_centaur_altar,
          nicolae_yredelemnul_corpse_copse, orc_0_dummy, minmay_shattered_shrine
Temple:   compressed_dpeg_triangle_lava_temple

Skill      XL: |  1  2  3  4  5  6  7  8  9 10 11 |
---------------+----------------------------------+-----
Axes           | 5 6 7 9 11 13 14 | 14.5
Dodging        | 2 3 5 |  5.0
Evocations     | 1 2 5 |  5.0
Fighting       | 4 8 9 |  9.0
Armour         | 3 7 8 |  8.9
Throwing       | 1 |  1.2

Action                   |  1- 3 |  4- 6 |  7- 9 | 10-12 || total
-------------------------+-------+-------+-------+-------++-------
Melee: Hand axe          |   103 |   230 |   182 |   168 ||   683
       Punch             |       |     2 |     2 |     3 ||     7
       War axe           |       |       |    37 |       ||    37
Throw: Boomerang         |       |       |       |    12 ||    12
Invok: Berserk           |       |     3 |     3 |     2 ||     8
       Trog's Hand       |       |     1 |     2 |     1 ||     4
Evoke: Wand              |       |       |       |    14 ||    14
  Use: Scroll            |     3 |     1 |       |       ||     4
Armor: Leather armour    |     9 |       |       |       ||     9
       Animal skin       |     1 |       |       |       ||     1
       Chain mail        |    34 |   165 |    17 |       ||   216
       Plate armour      |       |       |    88 |   109 ||   197
Dodge: Dodged            |    48 |   121 |    57 |    89 ||   315

Table legend: (Time is in decaauts)
 A = Elapsed time spent in this place.
 B = Non-inter-level travel time spent in this place.
 C = Inter-level travel time spent in this place.
 D = Time resting spent in this place.
 E = Time spent auto-exploring this place.
 F = Levels seen in this place.
 G = Mean time per level.
                   A        B        C        D        E       F      G
               +--------+--------+--------+--------+--------+-----+--------+
         Total |  10615 |  10403 |    212 |   1479 |   7383 |  10 | 1061.5 |
       Dungeon |  10309 |  10102 |    207 |   1479 |   7090 |   9 | 1145.4 |
        Temple |    306 |    301 |      5 |      0 |    293 |   1 |  306.0 |
               +--------+--------+--------+--------+--------+-----+--------+

Top non-repeatable levels by time:
     D:8: 1725 daAuts
     D:5: 1578 daAuts
     D:6: 1315 daAuts
     D:1: 1290 daAuts
     D:7: 1219 daAuts
     D:2: 942 daAuts
     D:3: 937 daAuts
     D:4: 911 daAuts
     D:9: 388 daAuts
  Temple: 306 daAuts
